AoeStats
← TocToc.Wolf_silver

Lombardia

507131964Analyzed
3v3 RM · 17d ago on Sep 16, 2026· 85m 52s· 6 players
Game mode
Random Map
Map size
Normal (6 player)
Population
200
Speed
Normal
Resources
Standard
Victory
Conquest
Starting age
Dark Age
Ending age
Imperial Age
RankedLock teamsTeams togetherTeam positionsShared explorationLock speedFull tech treeHidden civsTurbo modeCheats
Victory
Defeat
🇫🇷 Mongols · France
1511
+9
🇫🇷 Teutons · France
1393
+14
🇫🇷 Lithuanians · France
1332
+17
🇫🇷 Hindustanis · France
1374
-14
🇬🇧 Mongols · United Kingdom
1360
-14
🇬🇧 Lithuanians · United Kingdom
1311
-12
deadshot
4:17 Loom
7:47 Loom
9:46 Feudal Age
14:22 Castle Age
13:57 Double-Bit Axe
15:48 Bow Saw
20:24 Horse Collar
22:56 Gold Mining
24:21 Gold Shaft Mining
23:55 Heavy Plow
28:14 Wheelbarrow
27:38 Stone Mining
31:41 Imperial Age
29:48 Hand Cart
29:19 Town Watch
30:43 Fletching
31:15 Ballistics
31:45 Bodkin Arrow
32:02 Masonry
32:49 Bracer
33:51 Chemistry
33:19 Conscription
32:21 Elite Mangudai
33:07 Padded Archer Armor
33:51 Thumb Ring
34:12 Parthian Tactics
34:38 Leather Archer Armor
34:36 Bloodlines
34:27 Husbandry
34:42 Scale Barding Armor
36:31 Chain Barding Armor
36:22 Forging
36:19 Light Cavalry
38:25 Hussar
41:01 Iron Casting
40:57 Fortified Wall
43:09 Coinage
42:39 Caravan
44:27 Blast Furnace
43:19 Capped Ram
44:54 Banking
46:08 Heavy Scorpion
48:23 Drill
52:36 Siege Ram
55:05 Town Patrol
56:05 Siege Engineers
62:32 Hoardings
61:54 Murder Holes
70:12 Onager
79:56 Elite Skirmisher
[M]Mafia
6:23 Loom
9:08 Feudal Age
14:34 Castle Age
13:22 Double-Bit Axe
15:12 Horse Collar
23:51 Wheelbarrow
27:16 Hand Cart
31:50 Imperial Age
30:39 Heavy Plow
31:53 Scale Barding Armor
31:58 Forging
32:06 Bow Saw
33:02 Conscription
34:52 Town Watch
35:29 Chain Barding Armor
35:45 Iron Casting
36:12 Bloodlines
35:36 Light Cavalry
35:46 Light Cavalry
36:30 Husbandry
36:06 Elite Leitis
36:53 Gold Mining
37:46 Plate Barding Armor
38:29 Winged Hussar
40:57 Two-Man Saw
41:35 Crop Rotation
46:16 Capped Ram
50:00 Fletching
50:11 Padded Archer Armor
52:54 Bodkin Arrow
53:14 Leather Archer Armor
54:35 Bracer
55:08 Ring Archer Armor
56:54 Chemistry
57:24 Thumb Ring
70:34 Caravan
71:08 Coinage
70:51 Guilds
71:14 Coinage
81:57 Scale Mail Armor
83:05 Chain Mail Armor
83:28 Tower Shields
82:55 Pikeman
83:40 Squires
83:45 Halberdier
86:00 Tower Shields
Tanghay
8:49 Loom
11:02 Feudal Age
9:20 Loom
11:08 Feudal Age
15:04 Castle Age
13:02 Double-Bit Axe
13:32 Horse Collar
22:17 Bow Saw
23:59 Wheelbarrow
26:21 Bloodlines
26:53 Hand Cart
27:16 Gold Mining
27:32 Heavy Plow
31:25 Imperial Age
29:00 Husbandry
29:50 Bloodlines
30:53 Scale Barding Armor
30:59 Forging
31:06 Grand Trunk Road
31:30 Heavy Camel Rider
34:13 Chain Barding Armor
33:16 Imperial Camel Rider
36:12 Stone Mining
36:57 Gold Shaft Mining
37:47 Two-Man Saw
36:44 Town Watch
38:02 Chemistry
38:37 Plate Barding Armor
38:04 Padded Archer Armor
38:39 Iron Casting
37:55 Fletching
40:56 Caravan
42:20 Light Cavalry
44:16 Fortified Wall
44:12 Siege Engineers
44:19 Masonry
44:29 Ballistics
48:44 Conscription
48:24 Shatagni
49:37 Leather Archer Armor
50:23 Blast Furnace
49:34 Light Cavalry
51:37 Hussar
53:23 Ring Archer Armor
Drogly
6:40 Loom
9:16 Feudal Age
10:57 Double-Bit Axe
13:16 Forging
16:17 Horse Collar
21:45 Castle Age
21:25 Wheelbarrow
23:52 Bow Saw
23:44 Heavy Plow
27:27 Town Watch
29:58 Iron Casting
29:29 Scale Barding Armor
29:39 Bloodlines
29:30 Husbandry
29:56 Bow Saw
33:17 Imperial Age
30:39 Treadmill Crane
32:10 Hand Cart
31:56 Town Patrol
32:19 Chain Barding Armor
32:20 Gold Mining
32:23 Stone Mining
33:27 Pikeman
34:07 Squires
33:53 Arson
34:11 Scale Mail Armor
34:47 Plate Barding Armor
34:14 Scale Mail Armor
34:43 Masonry
36:00 Chemistry
35:13 Masonry
34:39 Halberdier
36:07 Murder Holes
36:25 Masonry
36:33 Chain Mail Armor
38:14 Tower Shields
38:38 Conscription
38:23 Elite Leitis
39:59 Caravan
41:09 Hoardings
42:43 Fortified Wall
43:04 Architecture
44:11 Two-Man Saw
62:11 Light Cavalry
63:47 Winged Hussar
70:51 Crop Rotation
TocToc.Wolf_silver
6:14 Loom
8:11 Feudal Age
9:19 Loom
10:17 Double-Bit Axe
11:13 Horse Collar
19:00 Castle Age
19:32 Wheelbarrow
20:03 Bow Saw
26:52 Heavy Plow
29:06 Hand Cart
30:05 Stone Mining
34:29 Imperial Age
31:58 Gold Mining
32:44 Stone Shaft Mining
32:07 Fletching
33:20 Bloodlines
33:11 Husbandry
33:09 Bodkin Arrow
33:42 Ballistics
34:17 Gold Shaft Mining
35:00 Padded Archer Armor
35:15 Bracer
36:19 Chemistry
35:14 Elite Mangudai
36:10 Leather Archer Armor
36:04 Thumb Ring
36:53 Conscription
37:04 Parthian Tactics
36:27 Sappers
37:36 Hoardings
37:25 Nomads
37:21 Town Watch
37:50 Fortified Wall
37:52 Masonry
40:01 Coinage
39:32 Caravan
40:41 Scale Mail Armor
40:46 Scale Barding Armor
40:52 Forging
40:04 Light Cavalry
41:19 Banking
41:57 Town Patrol
42:31 Chain Barding Armor
41:52 Onager
43:47 Siege Engineers
44:37 Drill
44:03 Siege Onager
45:54 Banking
46:58 Iron Casting
53:37 Hussar
55:25 Blast Furnace
57:25 Murder Holes
69:27 Elite Steppe Lancer
82:59 Capped Ram
84:10 Heavy Camel Rider
84:44 Siege Ram
La Baltringue Rouge
9:29 Loom
13:02 Feudal Age
16:51 Castle Age
15:17 Double-Bit Axe
15:13 Horse Collar
18:28 Bow Saw
18:56 Wheelbarrow
18:51 Heavy Plow
24:44 Hand Cart
28:30 Imperial Age
26:34 Scale Barding Armor
26:40 Forging
28:07 Chain Barding Armor
28:57 Bloodlines
29:24 Iron Casting
28:34 Cavalier
29:51 Plate Barding Armor
29:25 Capped Ram
31:22 Paladin
33:33 Pikeman
36:13 Blast Furnace
35:41 Halberdier
38:47 Squires
38:49 Scale Mail Armor
40:59 Two-Man Saw
40:33 Chain Mail Armor
40:22 Caravan
40:36 Arson
41:09 Onager
43:14 Crop Rotation
43:26 Siege Onager
45:25 Plate Mail Armor
45:29 Ironclad
46:57 Siege Engineers
48:58 Fletching
49:09 Padded Archer Armor
54:55 Heavy Scorpion
56:07 Man-at-Arms
56:33 Gambesons
59:40 Chemistry
59:02 Ballistics
61:56 Masonry
Connection lost

Rejoining the realm…

Still unreachable

The connection could not be restored.

Session expired

The server has moved on; the page needs a fresh start.